 Dungeon Crawl Stone Soup version 0.22-a0-322-g60b3cfd (webtiles) character file.

126 b5mith the Digger (level 5, -1/37 (38) HPs)
             Began as a Ghoul Earth Elementalist on Apr 2, 2018.
             Killed by divine providence
             ... invoked by an orc priest
              (11 damage)
             ... on level 3 of the Dungeon.
             The game lasted 00:09:08 (2255 turns).

b5mith the Digger (Ghoul Earth Elementalist)        Turns: 2255, Time: 00:09:09

HP:   -1/37 (38)    AC:  3    Str: 12    XL:     5   Next: 10%
MP:   1/7           EV: 12    Int: 11    God:
Gold: 102           SH:  0    Dex:  9    Spells: 5/9 levels left

rFire    . . .     SeeInvis .     - Unarmed
rCold    + . .     Gourm    .   (no shield)
rNeg     + + +     Faith    .   c - +0 robe
rPois    ∞         Spirit   .   (no helmet)
rElec    .         Reflect  .   (no cloak)
rCorr    .         Harm     .   l - +0 pair of gloves
MR       .....                  (no boots)
Stlth    ++........             (no amulet)
HPRegen  0.00/turn              (no ring)
MPRegen  0.10/turn              (no ring)

@: rotting
A: rotting body, claws 1, carnivore, cold resistance 1, negative energy
resistance 3, inhibited regeneration, torment resistance, unbreathing
a: no special abilities


You were on level 3 of the Dungeon.
You were not hungry.

You visited 1 branch of the dungeon, and saw 3 of its levels.

You collected 102 gold pieces.

Inventory:

Missiles
 b - 135 stones (quivered)
Armour
 c - a +0 robe (worn)
 l - a +0 pair of gloves (worn)
Jewellery
 f - an uncursed amulet of faith {unknown}
 n - a +1 ring of evasion {unknown}
Wands
 o - a wand of random effects (12)
 w - a wand of iceblast (10)
Scrolls
 e - a scroll of enchant weapon {unknown}
 g - 8 scrolls of identify {unknown}
 h - 2 scrolls of enchant armour {unknown}
 j - 4 scrolls of amnesia {unknown}
 m - 2 scrolls of remove curse {unknown}
 t - a scroll of magic mapping {unknown}
 u - a scroll of noise {unknown}
Potions
 a - 3 potions of mutation {unknown}
 i - a potion of invisibility {unknown}
 k - a potion of resistance {unknown}
 p - a potion of flight {unknown}
 r - a potion of heal wounds {unknown}
 s - a potion of brilliance {unknown}
 v - a potion of degeneration {unknown}
Comestibles
 d - 6 rations


   Skills:
 + Level 2.5 Dodging
 + Level 3.3 Stealth
 + Level 1.8 Unarmed Combat
 + Level 2.5 Spellcasting
   Level 0.8 Transmutations
 + Level 4.0 Earth Magic


You had 5 spell levels left.
You knew the following spells:

 Your Spells              Type           Power        Failure   Level  Hunger
a - Sandblast             Erth           ##....       5%          1    ##.....
b - Stone Arrow           Conj/Erth      #.....       36%         3    ####...


Dungeon Overview and Level Annotations

Branches:
Dungeon (3/15)

Altars:
Dithmenos
Gozag
Trog


Innate Abilities, Weirdness & Mutations

Your body is rotting away.
You thrive on raw meat.
You are immune to poison.
You have sharp fingernails.
You are carnivorous and can eat meat at any time.
Your flesh is cold resistant. (rC+)
You are immune to negative energy. (rN+++)
You do not regenerate when monsters are visible.
You are immune to unholy pain and torment.
You can survive without breathing.


Message History

Confirm with . or Enter, or press ? or * to list all spells.
You don't have enough magic to cast that spell.
Unknown command.
You hit the orc priest but do no damage.
The orc priest is almost dead.
You closely miss the orc priest.
The orc priest is almost dead.
The orc priest closely misses you.
You barely miss the orc priest.
The orc priest is almost dead.
The orc priest invokes the aid of Beogh against you.
Beogh smites you!
You hit the orc priest but do no damage.
The orc priest is almost dead.
The orc priest calls down the wrath of Beogh upon you.
Beogh smites you!
* * * LOW HITPOINT WARNING * * *
The orc priest invokes the aid of Beogh against you.
Beogh smites you!
You die...

..# #.# ############ #.#
#..........# #.#
#..........# #.#
#..........# #######.#
#..........#
.#.#.......###....[.....#
.....$..................##
...#.#.go.@..............#
#.#######...........# #)
#...........## .[
............... <#.
###########...## ###.
##..# .. #..# ## #..# #..#


You could see an orc priest and a hobgoblin.

Vanquished Creatures
  Ijyb (D:3)
  Jessica (D:2)
  An adder (D:2)
  A shadow imp (D:2)
  An ooze (D:2)
  2 dart slugs
  A leopard gecko (D:2)
  An orc (D:3)
  2 ball pythons
  3 giant cockroaches
  7 goblins
  3 hobgoblins
  4 jackals (D:1)
  A bat (D:1)
  5 frilled lizards
  10 kobolds
  6 rats
50 creatures vanquished.

Notes
Turn   | Place    | Note
-------+----------+-------------------------------------------
     0 | D:1      | b5mith the Ghoul Earth Elementalist began the quest for the Orb.
     0 | D:1      | Reached XP level 1. HP: 14/14 MP: 2/2
   321 | D:1      | Reached XP level 2. HP: 20/20 MP: 0/3
   980 | D:2      | Reached XP level 3. HP: 26/26 MP: 1/5
  1098 | D:2      | Found a shadowy altar of Dithmenos.
  1108 | D:2      | Reached skill level 1 in Unarmed Combat
  1331 | D:2      | Noticed Jessica
  1337 | D:2      | Killed Jessica
  1337 | D:2      | Reached XP level 4. HP: 33/33 MP: 3/6
  1454 | D:2      | Learned a level 3 spell: Stone Arrow
  1454 | D:2      | Found an opulent altar of Gozag.
  1797 | D:3      | Found a bloodstained altar of Trog.
  1964 | D:3      | Noticed Ijyb
  2041 | D:3      | Killed Ijyb
  2041 | D:3      | Reached skill level 4 in Earth Magic
  2041 | D:3      | Reached XP level 5. HP: 8/37 MP: 1/7
  2255 | D:3      | Killed from afar by an orc priest

Vault maps used:
D:1:      nzn_arrival_settlement
D:2:      lemuel_crystal_altar, nicolae_dithmenos_through_a_glass_darkly,
          serial_curves, eino_curves_04, eino_curves_01, uniq_jessica
D:3:      old_standard_altar, uniq_robin, uniq_crazy_yiuf_cottage, uniq_ijyb

Skill      XL: |  1  2  3  4 |
---------------+-------------+-----
Dodging        | 2 |  2.5
Spellcasting   | 2 |  2.5
Unarmed Combat | 1 |  1.8
Stealth        | 3 |  3.3
Earth Magic    | 4 |  4.0
Transmutations | |  0.8

Action                   |  1- 3 |  4- 6 || total
-------------------------+-------+-------++-------
Melee: Unarmed           |    22 |    50 ||    72
 Cast: Sandblast         |    48 |    40 ||    88
Evoke: Wand              |       |     5 ||     5
 Stab: Paralysed         |       |     9 ||     9
  Eat: Chunk             |     6 |     2 ||     8
Armor: Robe              |    15 |    10 ||    25
Dodge: Dodged            |    24 |    30 ||    54

Table legend:
 A = Spawn XP
 B = Non-spawn XP
 C = Spawn XP percentage of total XP
 D = Spawn monster count
 E = Non-spawn monster count
 F = Spawn count percentage of total count
 G = Total turns spent on level
                    A         B        C        D         E        F      G
               +---------+---------+-------+---------+---------+-------+---------
         Total |       0 |     181 |   0.0 |       0 |      50 |   0.0 |  2255
               +---------+---------+-------+---------+---------+-------+---------
           D:1 |       0 |      29 |   0.0 |       0 |      20 |   0.0 |   876
           D:2 |       0 |      95 |   0.0 |       0 |      19 |   0.0 |   793
           D:3 |       0 |      57 |   0.0 |       0 |      11 |   0.0 |   586
               +---------+---------+-------+---------+---------+-------+---------
